 Dungeon Crawl Stone Soup version 0.18-a0-270-ga9d907f (console) character file.

315 endege the Poker (level 6, 0/52 HPs)
             Began as a Minotaur Fighter on Nov 26, 2015.
             Slain by a killer bee (4 damage)
             ... on level 3 of the Dungeon.
             The game lasted 00:04:43 (2505 turns).

endege the Poker (Minotaur Fighter)                 Turns: 2505, Time: 00:04:43

Health: 0/52       AC:  6    Str: 21    XL:     6   Next: 20%
Magic:  5/5        EV:  9    Int:  5    God:
Gold:   136        SH:  0    Dex: 11    Spells: 0 memorised, 5 levels left

rFire  . . .     SeeInvis .     Y - +1 trident
rCold  . . .     Clarity  .     b - +0 scale mail
rNeg   . . .     SustAt   .     (no shield)
rPois  .         Gourm    .     (helmet restricted)
rElec  .         Spirit   .     (no cloak)
rCorr  .         Warding  .     (no gloves)
rMut   +         Stasis   .     (no boots)
MR     .....                    h - amulet of resist mutation
Stlth  ..........               (no ring)
                                (no ring)

@: lethally poisoned (0 -> -31), not resistant to hostile enchantments,
extremely unstealthy
A: retaliatory headbutt, horns 2
a: no special abilities


You were on level 3 of the Dungeon.
You were hungry.

You visited 1 branch of the dungeon, and saw 3 of its levels.

You collected 136 gold pieces.


Innate Abilities, Weirdness & Mutations

You reflexively headbutt those who attack you in melee.
You have a pair of horns on your head.


   Skills:
 + Level 3.9 Fighting
 + Level 7.8 Polearms
 - Level 3.6 Armour
   Level 3.6 Shields


You had 5 spell levels left.
You didn't know any spells.

Inventory:

Hand Weapons
 Y - a +1 trident (weapon)
Missiles
 n - 3 tomahawks (quivered)
Armour
 b - a +0 scale mail (worn)
 j - a +0 pair of gloves
Jewellery
 h - an amulet of resist mutation (around neck)
Scrolls
 c - a scroll of identify
 l - a scroll of remove curse
Potions
 d - 3 potions of might
 f - a potion of curing {unknown}
 i - a potion of degeneration {unknown}
 m - a potion of flight {unknown}
Comestibles
 a - 20 chunks of flesh
 e - 3 bread rations
 g - a beef jerky
 k - a royal jelly

Dungeon Overview and Level Annotations

Branches:
Dungeon (3/15)

Altars:


Message History

The killer bee is moderately wounded.
You feel sick. The killer bee stings you.
* * * LOW HITPOINT WARNING * * *
You are more poisoned.
The killer bee poisons you! The killer bee stings you.
* * * LOW HITPOINT WARNING * * *
You are lethally poisoned!
The killer bee poisons you! The killer bee stings you.
* * * LOW HITPOINT WARNING * * *
You are more poisoned.
The killer bee poisons you! The killer bee stings you!
* * * LOW HITPOINT WARNING * * *
The killer bee barely misses you. You furiously retaliate!
You headbutt the killer bee. You miss the killer bee.
The killer bee is moderately wounded.
* * * LOW HITPOINT WARNING * * *
You feel sick. The killer bee stings you.
* * * LOW HITPOINT WARNING * * *
The killer bee stings you.
You die...

..............)...)
~.~.~.~~.~..~~)...~
~~~~~~~~~~~~~~....~
~~~~~~~~~~~~~~....~
~~~~~~~~~~~~~.....~
################''##
##.....#.......#....#
##......))......#...(#
#.......#########..))#
..#...........[.)#(.....
..'....@.........)...(..
..#...yyy.....)..#..(...
#.......#########.)).#
##......'...... #....#
##.....#...... #...(#
############# ######


You could see 3 killer bees.

Vanquished Creatures
  An orc wizard (D:3)
  4 adders
  14 gnolls
  3 worms
  2 giant geckos
  3 orcs (D:3)
  7 bats
  6 giant cockroaches
  31 goblins
  20 hobgoblins
  8 kobolds
  A quokka (D:2)
  3 ball pythons
  3 giant newts
  7 rats
113 creatures vanquished.

Notes
Turn   | Place    | Note
--------------------------------------------------------------
     0 | D:1      | endege the Minotaur Fighter began the quest for the Orb.
     0 | D:1      | Reached XP level 1. HP: 19/19 MP: 0/0
     0 | D:1      | 0 ||| counter = 5
    47 | D:1      | 47 ||| Stepping ~*~*~tactically~*~*~ (outnumbered).
    48 | D:1      | 48 ||| Stepping ~*~*~tactically~*~*~ (outnumbered).
    49 | D:1      | 49 ||| Stepping ~*~*~tactically~*~*~ (outnumbered).
    50 | D:1      | 50 ||| Stepping ~*~*~tactically~*~*~ (outnumbered).
    52 | D:1      | Reached skill level 3 in Polearms
    97 | D:1      | Reached XP level 2. HP: 26/26 MP: 1/1
   374 | D:1      | Reached skill level 4 in Polearms
   489 | D:1      | 489 ||| REMOVING +0 shield.
   494 | D:1      | 494 ||| DROPPING +0 shield.
   495 | D:1      | 495 ||| READING scroll labeled UMAOST HUUSOI.
   497 | D:1      | 497 ||| READING scroll labeled KALAIT LAROU.
   498 | D:1      | 498 ||| READING 2 scrolls labeled JOSUMM DEITWOZ.
   499 | D:1      | 499 ||| READING scroll labeled ZOMOBRECKU.
   500 | D:1      | 500 ||| DROPPING scroll of magic mapping.
   505 | D:2      | 505 ||| STAIRDANCE
   532 | D:2      | 532 ||| Stepping ~*~*~tactically~*~*~ (outnumbered).
   534 | D:2      | Reached XP level 3. HP: 16/31 MP: 2/2
   544 | D:2      | HP: 3/31 [gnoll/whip (6)]
   545 | D:2      | 545 ||| Stepping ~*~*~tactically~*~*~ (outnumbered).
   548 | D:2      | Reached skill level 5 in Polearms
   810 | D:2      | Reached XP level 4. HP: 31/39 MP: 3/3
  1163 | D:2      | 1163 ||| Stepping ~*~*~tactically~*~*~ (reaching).
  1164 | D:2      | 1164 ||| Stepping ~*~*~tactically~*~*~ (reaching).
  1166 | D:2      | 1166 ||| Stepping ~*~*~tactically~*~*~ (reaching).
  1167 | D:2      | 1167 ||| Stepping ~*~*~tactically~*~*~ (reaching).
  1170 | D:2      | Reached skill level 6 in Polearms
  1280 | D:2      | 1280 ||| Stepping ~*~*~tactically~*~*~ (reaching).
  1281 | D:2      | 1281 ||| Stepping ~*~*~tactically~*~*~ (reaching).
  1283 | D:2      | 1283 ||| Stepping ~*~*~tactically~*~*~ (reaching).
  1285 | D:2      | 1285 ||| Stepping ~*~*~tactically~*~*~ (reaching).
  1286 | D:2      | 1286 ||| Stepping ~*~*~tactically~*~*~ (reaching).
  1288 | D:2      | 1288 ||| Stepping ~*~*~tactically~*~*~ (reaching).
  1322 | D:2      | Reached XP level 5. HP: 43/45 MP: 4/4
  1499 | D:2      | 1499 ||| Stepping ~*~*~tactically~*~*~ (outnumbered).
  1501 | D:2      | 1501 ||| Stepping ~*~*~tactically~*~*~ (outnumbered).
  1643 | D:2      | 1643 ||| READING 3 scrolls labeled SET BEORAE.
  1644 | D:2      | 1644 ||| READING scroll labeled POENUMMAST.
  1645 | D:2      | 1645 ||| READING scroll labeled XILU WELOWEI.
  1646 | D:2      | 1646 ||| DRINKING 2 fizzy blue potions.
  1647 | D:2      | 1647 ||| DRINKING 2 fizzy orange potions.
  1648 | D:2      | 1648 ||| DRINKING 2 coppery potions.
  1680 | D:2      | 1680 ||| READING 2 scrolls of identify.
  1680 | D:2      | 1680 ||| IDENTIFYING tiny garnet amulet
  1681 | D:2      | 1681 ||| UPGRADING to amulet of resist mutation.
  1682 | D:2      | 1682 ||| DROPPING potion of magic.
  1683 | D:2      | 1683 ||| DROPPING potion of brilliance.
  1684 | D:2      | 1684 ||| DROPPING potion of lignification.
  1736 | D:3      | 1736 ||| STAIRDANCE
  1762 | D:3      | 1762 ||| Stepping ~*~*~tactically~*~*~ (reaching).
  1764 | D:3      | 1764 ||| Stepping ~*~*~tactically~*~*~ (reaching).
  1789 | D:3      | Reached skill level 7 in Polearms
  1901 | D:3      | Found a faded altar to an unknown god.
  2144 | D:3      | 2144 ||| Stepping ~*~*~tactically~*~*~ (outnumbered).
  2146 | D:3      | 2146 ||| Stepping ~*~*~tactically~*~*~ (outnumbered).
  2147 | D:3      | 2147 ||| Stepping ~*~*~tactically~*~*~ (outnumbered).
  2148 | D:3      | 2148 ||| Stepping ~*~*~tactically~*~*~ (outnumbered).
  2202 | D:3      | 2202 ||| Stepping ~*~*~tactically~*~*~ (outnumbered).
  2204 | D:3      | 2204 ||| Stepping ~*~*~tactically~*~*~ (outnumbered).
  2205 | D:3      | 2205 ||| Stepping ~*~*~tactically~*~*~ (outnumbered).
  2206 | D:3      | 2206 ||| Stepping ~*~*~tactically~*~*~ (outnumbered).
  2207 | D:3      | 2207 ||| Stepping ~*~*~tactically~*~*~ (outnumbered).
  2208 | D:3      | 2208 ||| Stepping ~*~*~tactically~*~*~ (outnumbered).
  2209 | D:3      | 2209 ||| Stepping ~*~*~tactically~*~*~ (outnumbered).
  2210 | D:3      | 2210 ||| Stepping ~*~*~tactically~*~*~ (outnumbered).
  2211 | D:3      | 2211 ||| Stepping ~*~*~tactically~*~*~ (outnumbered).
  2213 | D:3      | 2213 ||| Stepping ~*~*~tactically~*~*~ (outnumbered).
  2215 | D:3      | 2215 ||| Stepping ~*~*~tactically~*~*~ (outnumbered).
  2253 | D:3      | 2253 ||| Stepping ~*~*~tactically~*~*~ (outnumbered).
  2254 | D:3      | 2254 ||| Stepping ~*~*~tactically~*~*~ (outnumbered).
  2255 | D:3      | 2255 ||| Stepping ~*~*~tactically~*~*~ (outnumbered).
  2296 | D:3      | 2296 ||| Stepping ~*~*~tactically~*~*~ (outnumbered).
  2301 | D:3      | 2301 ||| Stepping ~*~*~tactically~*~*~ (outnumbered).
  2304 | D:3      | 2304 ||| Stepping ~*~*~tactically~*~*~ (outnumbered).
  2305 | D:3      | 2305 ||| Stepping ~*~*~tactically~*~*~ (outnumbered).
  2317 | D:3      | Reached XP level 6. HP: 48/52 MP: 5/5
  2430 | D:3      | 2430 ||| Stepping ~*~*~tactically~*~*~ (outnumbered).
  2431 | D:3      | 2431 ||| Stepping ~*~*~tactically~*~*~ (outnumbered).
  2499 | D:3      | 2499 ||| Stepping ~*~*~tactically~*~*~ (outnumbered).
  2500 | D:3      | 2500 ||| Stepping ~*~*~tactically~*~*~ (outnumbered).
  2504 | D:3      | HP: 9/52 [killer bee (7)]
  2505 | D:3      | HP: 4/52 [killer bee (3)]
  2505 | D:3      | Slain by a killer bee

Vault maps used:
D:1:      eino_arrival_cavern_c
D:2:      serial_bayou_pond_a
D:3:      minmay_goblin_kobold_castle, ecumenical_altar_1, serial_bayou_crossing

Action                   |  1- 3 |  4- 6 || total
-------------------------+-------+-------++-------
Melee: Trident           |    68 |   226 ||   294
Throw: Tomahawk          |       |     6 ||     6
  Use: Scroll            |     4 |     4 ||     8
       Potion            |       |     3 ||     3
  Eat: Chunk             |       |     5 ||     5
